 Dungeon Crawl Stone Soup version 0.23.2-33-g5129a83184 (webtiles) character file.

Game seed: 13410900136954192792

49 geeseburger the Skirmisher (level 4, 0/38 HPs)
             Began as a Formicid Abyssal Knight on July 26, 2019.
             Was a Follower of Lugonu.
             Slain by Crazy Yiuf
             ... wielding a +3 quarterstaff of chaos
              (4 damage)
             ... on level 2 of the Dungeon.
             The game lasted 00:05:53 (1877 turns).

geeseburger the Skirmisher (FoAK)                   Turns: 1877, Time: 00:05:53

Health: 0/38       AC:  6    Str: 16    XL:     4   Next: 2%
Magic:  0/5        EV: 10    Int: 12    God:    Lugonu [*.....]
Gold:   123        SH:  0    Dex: 11    Spells: 3/3 levels left

rFire    . . .     SeeInvis +   a - +2 hand axe
rCold    . . .     Gourm    .   (no shield)
rNeg     . . .     Faith    .   i - +0 ring mail
rPois    .         Spirit   +   (helmet unavailable)
rElec    .         Reflect  .   j - scarf {Spirit}
rCorr    .         Harm     .   (no gloves)
MR       .....                  f - +0 pair of boots
Stlth    +.........             (no amulet)
HPRegen  0.12/turn              (no ring)
MPRegen  0.09/turn              (no ring)

@: lethally poisoned (0 -> -4), lightly drained
A: permanent stasis, dig shafts and tunnels, four strong arms, antennae 3
a: Dig, Shaft Self, Depart the Abyss, Renounce Religion


You were on level 2 of the Dungeon.
You worshipped Lugonu.
Lugonu was aware of your devotion.
You were not hungry.

You visited 1 branch of the dungeon, and saw 2 of its levels.
You visited the Abyss 1 time.

You collected 123 gold pieces.

Inventory:

Hand Weapons
 a - a +2 hand axe (weapon)
Armour
 b - a +0 leather armour
 f - a +0 pair of boots (worn)
 i - a +0 ring mail (worn)
 j - a scarf of spirit shield (worn)
Scrolls
 e - 2 scrolls of identify
Potions
 d - a potion of mutation {unknown}
 g - a potion of lignification {unknown}
 h - a potion of berserk rage
Comestibles
 c - 4 rations


   Skills:
 * Level 4.6(4.3) Fighting
 - Level 2.0(1.7) Axes
 + Level 3.0(2.8) Armour
 - Level 0.8(0.6) Dodging
 - Level 2.1(1.9) Invocations


You had 3 spell levels left.
You didn't know any spells.
Your spell library was empty.

Dungeon Overview and Level Annotations

Branches:
Dungeon (2/15)

Altars:

Annotations:
D:2 Crazy Yiuf


Innate Abilities, Weirdness & Mutations

You cannot be hasted, slowed, berserked, paralysed or teleported.
You can dig through walls and to a lower floor.
Your four strong arms can wield two-handed weapons with a shield.
You have a pair of large antennae on your head. (SInv)


Message History

You feel sick. Crazy Yiuf closely misses you.
You closely miss Crazy Yiuf.
Crazy Yiuf is almost dead.
You feel sick.
Crazy Yiuf screams, "Flower agre broken!"
Crazy Yiuf hits you with a +3 quarterstaff of chaos!
* * * LOW HITPOINT WARNING * * *
Crazy Yiuf draws strength from your wounds!
You slash Crazy Yiuf!
Crazy Yiuf is severely wounded.
Crazy Yiuf hits you with a +3 quarterstaff of chaos.
* * * LOW HITPOINT WARNING * * *
You barely miss Crazy Yiuf.
Crazy Yiuf is severely wounded.
* * * LOW HITPOINT WARNING * * *
You feel sick. Crazy Yiuf barely misses you.
You hit Crazy Yiuf.
Crazy Yiuf is almost dead.
Crazy Yiuf hits you with a +3 quarterstaff of chaos.
You die...

#.##.#####...#
####.##...#.....#
##.<.....#.#.##..#
##.################
#.####..# #.......#
######..##♣♣ ###
##....♣♣ ♣♣#..)# {
#......♣♣♣♣@g...#
#........♣..♣#...#
#.#.....♣.♣♣♣ ###
#...##♣♣♣♣♣ ##.##
#. #.


You could see Crazy Yiuf.

Vanquished Creatures
  2 oozes
  A worm (D:2)
  A leopard gecko (D:1)
  3 giant cockroaches
  4 goblins (D:1)
  8 hobgoblins
  A jackal (D:1)
  4 kobolds
  3 bats
  3 frilled lizards
  4 rats
34 creatures vanquished.

Notes
Turn   | Place    | Note
-------+----------+-------------------------------------------
     0 | Abyss:1  | geeseburger the Formicid Abyssal Knight began the quest for
                  | the Orb.
     0 | Abyss:1  | Reached XP level 1. HP: 18/18 MP: 2/2
    13 | Abyss:1  | Found a corrupted altar of Lugonu.
    50 | Abyss:1  | Noticed an ancient zyme
    51 | D:1      | Escaped the Abyss
   137 | D:1      | Reached XP level 2. HP: 22/25 MP: 3/3
   313 | D:1      | Reached * piety under Lugonu
   671 | D:1      | Reached skill level 4 in Fighting
   684 | D:1      | Reached XP level 3. HP: 23/30 MP: 4/4
  1755 | D:2      | Reached XP level 4. HP: 38/38 MP: 5/5
  1863 | D:2      | Found a runed translucent door.
  1864 | D:2      | Noticed Crazy Yiuf
  1877 | D:2      | Slain by Crazy Yiuf

Skill      XL: |  1  2  3 |
---------------+----------+-----
Fighting       | 4 |  4.6
Armour         | 3 |  3.0
Axes           | |  2.0
Dodging        | |  0.8
Invocations    | |  2.1

Action                   |  1- 3 |  4- 6 || total
-------------------------+-------+-------++-------
Melee: Hand axe          |    82 |    10 ||    92
Invok: Depart the Abyss  |     1 |       ||     1
 Abil: Dig               |     2 |       ||     2
  Use: Scroll            |     3 |       ||     3
  Eat: Ration            |     1 |       ||     1
Armor: Leather armour    |     9 |       ||     9
       Ring mail         |    22 |       ||    22
Dodge: Dodged            |    35 |     4 ||    39
